 Dungeon Crawl Stone Soup version 0.25-a0-464-g3004169c2b (webtiles) character file.

Game seed: 10384225374839245506, levelgen mode: deterministic

63444 ipx the Severer (level 14, -12/186 HPs)
             Began as a Minotaur Monk on Feb 4, 2020.
             Was the Champion of Makhleb.
             Mangled by a white ugly thing (29 damage)
             ... on level 15 of the Dungeon.
             The game lasted 02:25:56 (10563 turns).

ipx the Severer (Minotaur Monk)                    Turns: 10563, Time: 02:25:57

Health: -12/186    AC: 17    Str: 24    XL:     14   Next: 68%
Magic:  0/18       EV: 14    Int: 11    God:    Makhleb [******]
Gold:   944        SH:  0    Dex: 15    Spells: 13/13 levels left

rFire    + . .     SeeInvis .   o - +5 executioner's axe (venom)
rCold    . . .     Gourm    .   (shield currently unavailable)
rNeg     . . .     Faith    .   X - +3 chain mail of the Blue Skies {rF+ Int+4}
rPois    +         Spirit   +   (helmet restricted)
rElec    .         Reflect  .   I - scarf {Spirit}
rCorr    .         Harm     .   k - +0 pair of gloves
MR       ++...                  t - +0 pair of boots
Stlth    ..........             R - amulet of rage
HPRegen  0.41/turn              M - ring of protection from magic
MPRegen  0.16/turn              P - ring of poison resistance

@: mighty, berserking, very quick
A: retaliatory headbutt, horns 2
a: Minor Destruction, Lesser Servant of Makhleb, Major Destruction, Greater
Servant of Makhleb, Renounce Religion, Evoke Berserk Rage


You were on level 15 of the Dungeon.
You worshipped Makhleb.
Makhleb was exalted by your worship.
You were not hungry.

You visited 5 branches of the dungeon, and saw 24 of its levels.
You also visited: Sewer.

You collected 1112 gold pieces.
You spent 168 gold pieces at shops.

Inventory:

Hand Weapons
 a - the cursed +13 scythe of Curses {drain, *Curse}
   (You took it off a tengu conjurer on level 15 of the Dungeon)

   A truly terrible weapon, it drains the life of those it strikes.
   It curses itself when equipped.
   It has a curse placed upon it.
 o - a +5 executioner's axe of venom (weapon)
Missiles
 w - 5 curare-tipped darts (quivered)
 Y - 4 datura-tipped darts
Armour
 k - a +0 pair of gloves (worn)
 t - a +0 pair of boots (worn)
 I - a scarf of spirit shield (worn)
 X - the +3 chain mail of the Blue Skies (worn) {rF+ Int+4}
   (You found it on level 5 of the Lair of Beasts)

   It affects your intelligence (+4).
   It protects you from fire.
   If you remove this armour, your AC will fall 15 points (17 -> 2)
Jewellery
 e - a +1 ring of evasion
 E - an uncursed ring of positive energy
 K - the ring "Kykihak" {Wiz rElec rF- Dex+8 Stlth+}
   (You found it on level 9 of the Dungeon)

   [ring of wizardry]

   It improves your spell success rate.
   It affects your dexterity (+8).
   It makes you vulnerable to fire.
   It insulates you from electricity.
   It makes you more stealthy.
 M - a ring of protection from magic (left hand)
 P - a ring of poison resistance (right hand)
 R - an amulet of rage (around neck)
 S - an uncursed amulet of magic regeneration {unknown}
Wands
 l - a wand of digging (11)
 m - a wand of acid (4)
 v - a wand of enslavement (8)
 G - a wand of paralysis (21)
 N - a wand of disintegration (8)
 T - a wand of clouds (5)
 U - a wand of polymorph (44)
Scrolls
 d - 2 scrolls of noise
 f - 7 scrolls of teleportation
 i - 4 scrolls of amnesia
 j - 7 scrolls of remove curse
 s - a scroll of immolation
 y - 2 scrolls of magic mapping
 C - 2 scrolls of fog
 F - a scroll of enchant armour
 Q - 3 scrolls of fear
Potions
 g - a potion of degeneration {unknown}
 h - 2 potions of agility
 n - 3 potions of cancellation
 p - a potion of brilliance {unknown}
 q - 3 potions of lignification
 r - 8 potions of might
 u - 7 potions of curing
 x - 5 potions of heal wounds
 z - 3 potions of berserk rage
 A - 7 potions of flight {unknown}
 B - 2 potions of haste {unknown}
 J - a potion of mutation {unknown}
 L - 2 potions of magic {unknown}
 W - a potion of ambrosia {unknown}
Miscellaneous
 D - a crystal ball of energy
 O - a sack of spiders
Comestibles
 b - a chunk of flesh
 c - 33 rations


   Skills:
 + Level 11.1 Fighting
 + Level 20.2(20.6) Axes
   Level 8.1(15.4) Maces & Flails
 - Level 2.2 Throwing
 + Level 9.6 Armour
 + Level 10.0 Dodging
 - Level 1.5 Stealth
 - Level 7.0 Invocations
 - Level 6.0 Evocations


You had 13 spell levels left.
You didn't know any spells.
Your spell library contained the following spells:

 Spells                   Type           Power        Failure   Level  Hunger
 Animate Skeleton         Necr           N/A          88%         1    ##.....
 Apportation              Tloc           #.....       88%         1    ##.....
 Beastly Appendage        Tmut           #.....       88%         1    ##.....
 Corona                   Hex            #......      88%         1    ##.....
 Magic Dart               Conj           #...         88%         1    ##.....
 Summon Small Mammal      Summ           #...         88%         1    ##.....
 Ensorcelled Hibernation  Hex/Ice        #.....       96%         2    ###....
 Searing Ray              Conj           #.....       96%         2    ###....
 Sticks to Snakes         Tmut           #.......     96%         2    ###....
 Confusing Touch          Hex            #.......     99%         3    ####...
 Dazzling Flash           Conj/Hex       #.....       99%         3    ####...
 Spider Form              Tmut/Pois      #.........   99%         3    ####...
 Tukima's Dance           Hex            #.......     99%         3    ####...
 Fulminant Prism          Conj/Hex       #.........   100%        4    #####..
 Ice Form                 Ice/Tmut       #.......     100%        4    #####..
 Iskenderun's Mystic Bla  Conj/Tloc      #.......     100%        4    #####..
 Blade Hands              Tmut           #.........   100%        5    ######.


Dungeon Overview and Level Annotations

Branches:
Dungeon (15/15)            Temple (1/1) D:4            Lair (6/6) D:9
 Shoals (0/4) Lair:4        Snake (1/4) Lair:3        Slime (0/5) Lair:5
 Vaults (0/5) D:13         Depths (1/5) D:15          Sewer (visited)
    Orc: D:9-12

Altars:
Dithmenos
Elyvilon
Hepliaklqana
Makhleb
Okawaru
Sif Muna
Uskayaw
Vehumet
Xom
Yredelemnul
The Shining One
Beogh
Jiyva

Shops:
D:12 }

Annotations:
D:6 1 runed translucent door
D:12 Snorg
Lair:1 3 runed translucent doors, bmj180's ghost, journeyman DrCj
Lair:4 1 runed translucent door, Doschamyxt's ghost, journeyman MfGl
Snake:1 Agnes


Innate Abilities, Weirdness & Mutations

You reflexively headbutt those who attack you in melee.
You have a pair of horns on your head.


Message History

The white ugly thing is severely wounded.
You slash the cyan ugly thing!
The purple ugly thing basks in the mutagenic energy from its kin and changes!
The white ugly thing stings you. The white ugly thing freezes you!!
The cyan ugly thing tail-slaps you but does no damage.
The purple ugly thing pecks you!
* * * LOW HITPOINT WARNING * * *
The white ugly thing stings you!
* * * LOW HITPOINT WARNING * * *
The white ugly thing freezes you!!
* * * LOW HITPOINT WARNING * * *
The cyan ugly thing basks in the mutagenic energy from its kin and changes!
You climb upwards.
Welcome back to the Dungeon!
There is a staircase to the Depths here.
A red film seems to cover your vision as you go berserk!
You feel yourself moving faster!
You feel mighty! The white ugly thing stings you.
* * * LOW HITPOINT WARNING * * *
The white ugly thing freezes you!!
You die...

##.###...## #.(.#
##.# ##### ###.#
##.# #.# ##.# #.#
##.# #.# ...# ##
#.# #### #.. ###
..## ###
####.###@#
#...#.uu##
####.≈.#.≈u#
#......#...#
#.#####'###.#
#.##...#...#..
#....≈.#.≈.#..#
#.#....#...# ##
######.##########


You could see 3 ugly things.

Vanquished Creatures
  Rupert (D:13)
  4 hydras
  A naga warrior (Snake:1)
  4 centaur warriors
  A two-headed ogre (D:13)
  3 death yaks (Lair:6)
  2 tengu warriors (D:15)
  4 catoblepae (Lair:6)
  Urug (Lair:4)
  Sonja (Lair:1)
  4 skeletal warriors (D:15)
  5 unseen horrors
  A wizard (D:14)
  2 orc knights
  2 manticores
  A cyclops (D:13)
  A wolf spider (D:15)
  9 ugly things
  A cyclops (shapeshifter) (D:15)
  A black mamba (Lair:6)
  4 molten gargoyles (D:13)
  2 centaur skeletons
  12 spiny frogs
  6 komodo dragons
  2 tengu conjurers
  2 rime drakes
  A polar bear (D:15)
  3 meliai (D:15)
  2 trolls
  5 slime creatures
  13 blink frogs
  8 hippogriffs
  A meliai zombie (D:13)
  5 wyverns
  36 yaks
  16 humans (D:13)
  2 basilisks
  A hungry ghost (D:9)
  4 vampire mosquitoes (D:14)
  A steam dragon (Lair:4)
  3 nagas
  An acid dragon (D:15)
  8 water moccasins
  4 porcupines
  17 orc warriors
  4 ice beasts
  A black bear (D:10)
  4 sky beasts
  5 ogres
  A hornet zombie (D:12)
  2 necrophages
  18 centaurs
  22 wolves
  13 crocodiles
  A big kobold (D:6)
  A wyvern zombie (D:14)
  22 bullfrogs
  A gnoll sergeant (D:10)
  2 scorpions
  Dowan (D:7)
  3 killer bees (D:4)
  An electric eel (D:15)
  A wight (D:7)
  4 crimson imps
  3 hounds
  A bullfrog zombie (D:12)
  2 centaur zombies
  8 orc priests
  4 iguanas
  6 orc wizards
  4 hell rats (Lair:5)
  A worker ant (D:8)
  A killer bee zombie (D:6)
  A hound skeleton (D:4)
  A worker ant zombie (D:6)
  4 gnolls
  21 adders
  4 river rats (Sewer)
  3 shadow imps
  2 white imps (D:15)
  An ooze (D:1)
  An adder zombie (D:8)
  2 adder skeletons
  A worm (D:2)
  A dart slug (D:1)
  3 leopard geckos
  50 orcs
  5 ball pythons (Sewer)
  8 bats
  7 giant cockroaches
  11 hobgoblins
  13 jackals
  6 quokkas
  4 frilled lizards
  9 goblins
  A jackal skeleton (D:5)
  25 kobolds
  29 rats
  3 fungi
  2 plants
563 creatures vanquished.

Vanquished Creatures (collateral kills)
  A death yak (Lair:6)
  A manticore (Lair:6)
  Maurice (D:8)
  A spiny frog (Lair:1)
  A troll (D:9)
  A hippogriff (D:7)
  4 yaks (Lair:6)
  Duvessa (D:7)
  A black bear (D:7)
  A bullfrog (D:9)
  A scorpion (D:7)
  2 wights (D:7)
  A jelly (D:7)
  An orc wizard (D:7)
  A hound zombie (D:7)
  An orc (D:9)
20 creatures vanquished.

Vanquished Creatures (others)
  7 fungi
  3 plants (D:9)
10 creatures vanquished.

Grand Total: 593 creatures vanquished

Notes
Turn   | Place    | Note
-------+----------+-------------------------------------------
     0 | D:1      | ipx the Minotaur Monk began the quest for the Orb.
     0 | D:1      | Reached XP level 1. HP: 19/19 MP: 0/0
    26 | D:1      | Reached skill level 4 in Axes
    26 | D:1      | Reached XP level 2. HP: 17/26 MP: 1/1
   151 | D:1      | Reached skill level 5 in Axes
   224 | D:1      | Reached XP level 3. HP: 21/31 MP: 2/2
   539 | D:2      | Reached skill level 1 in Throwing
   633 | D:2      | Reached XP level 4. HP: 22/39 MP: 3/3
   872 | D:3      | Reached skill level 6 in Axes
   967 | D:3      | Reached XP level 5. HP: 41/46 MP: 4/4
  1106 | D:3      | Noticed a centaur
  1121 | D:3      | Killed a centaur
  1121 | D:3      | Reached skill level 1 in Evocations
  1367 | D:4      | Reached XP level 6. HP: 33/55 MP: 6/6
  1369 | D:4      | Reached skill level 5 in Fighting
  1379 | D:4      | Found a staircase to the Ecumenical Temple.
  1382 | D:4      | Found a white marble altar of Elyvilon.
  1384 | Temple   | Entered the Ecumenical Temple
  1397 | Temple   | Became a worshipper of Makhleb the Destroyer
  1397 | Temple   | Reached * piety under Makhleb
  1397 | Temple   | Reached ** piety under Makhleb
  1424 | D:4      | Found a glowing golden altar of the Shining One.
  1520 | D:5      | Entered Level 5 of the Dungeon
  1649 | D:4      | Reached skill level 1 in Maces & Flails
  1649 | D:4      | Reached skill level 1 in Invocations
  1746 | D:5      | Reached XP level 7. HP: 31/61 MP: 7/7
  1883 | D:5      | Found a shadowy altar of Dithmenos.
  2141 | D:6      | Reached skill level 5 in Maces & Flails
  2146 | D:6      | Reached XP level 8. HP: 59/68 MP: 8/10
  2175 | D:6      | Found a glowing drain.
  2182 | D:6      | Found a runed translucent door.
  2196 | D:6      | Reached *** piety under Makhleb
  2232 | Sewer    | Entered a sewer
  2406 | Sewer    | Reached skill level 5 in Invocations
  2493 | Sewer    | Reached **** piety under Makhleb
  2567 | Sewer    | Reached skill level 1 in Armour
  2762 | D:7      | Noticed Duvessa
  2763 | D:7      | Found an iron altar of Okawaru.
  2763 | D:7      | Noticed Dowan
  2884 | D:7      | Killed Dowan
  2889 | D:7      | Killed Duvessa
  2933 | D:7      | Reached XP level 9. HP: 61/74 MP: 11/11
  2935 | D:7      | Reached skill level 5 in Armour
  3171 | D:8      | Reached skill level 7 in Axes
  3253 | D:8      | Noticed Maurice
  3265 | D:8      | Killed Maurice
  3342 | D:8      | Reached skill level 8 in Axes
  3609 | D:8      | Reached ***** piety under Makhleb
  3632 | D:9      | Found a shimmering altar of Xom.
  3655 | D:9      | Reached skill level 9 in Axes
  3696 | D:9      | Noticed a troll
  3704 | D:9      | Killed a troll
  3704 | D:9      | Reached XP level 10. HP: 54/86 MP: 13/13
  3757 | D:9      | Got a fine bronze ring
  3769 | D:9      | Identified the ring "Kykihak" {Wiz rElec rF- Dex+8 Stlth+}
                  | (You found it on level 9 of the Dungeon)
  3902 | D:10     | Entered Level 10 of the Dungeon
  3916 | D:10     | Reached skill level 10 in Axes
  4054 | D:10     | Found a roughly hewn altar of Beogh.
  4112 | D:10     | Killed an unseen horror
  4369 | D:11     | Reached skill level 11 in Axes
  4483 | D:13     | Found a gate to the Vaults.
  4483 | D:13     | Noticed Rupert
  4483 | D:13     | Noticed a centaur warrior
  4483 | D:13     | Noticed an orc knight
  4483 | D:13     | Noticed a green ugly thing
  4600 | D:12     | Killed an unseen horror
  4635 | D:11     | Noticed Snorg
  4647 | D:12     | HP: 3/91 [Snorg (5)]
  4801 | D:11     | Killed an unseen horror
  4801 | D:11     | Reached skill level 10 in Fighting
  4810 | D:11     | Reached XP level 11. HP: 37/99 MP: 9/15
  4977 | D:9      | Found a staircase to the Lair.
  4982 | Lair:1   | Entered Level 1 of the Lair of Beasts
  5086 | Lair:1   | Found a runed translucent gate.
  5087 | Lair:1   | Found a runed translucent gate.
  5088 | Lair:1   | Found a runed translucent gate.
  5089 | Lair:1   | Noticed bmj180's ghost (journeyman DrCj)
  5134 | Lair:1   | Reached skill level 12 in Axes
  5676 | Lair:3   | Reached skill level 13 in Axes
  5744 | Lair:4   | Reached ****** piety under Makhleb
  5846 | Lair:4   | Found a runed translucent door.
  5847 | Lair:4   | Noticed Doschamyxt's ghost (journeyman MfGl)
  6082 | Lair:5   | Found a viscous altar of Jiyva.
  6083 | Lair:5   | Found a staircase to the Slime Pits.
  6173 | Lair:3   | Reached skill level 14 in Axes
  6173 | Lair:3   | Reached XP level 12. HP: 67/106 MP: 7/16
  6226 | Lair:3   | Reached skill level 5 in Evocations
  6293 | Lair:3   | Found a staircase to the Snake Pit.
  6316 | Snake:1  | Entered Level 1 of the Snake Pit
  6316 | Snake:1  | Noticed a naga warrior
  6551 | Lair:4   | Noticed Urug
  6593 | Lair:5   | Noticed a five-headed hydra
  6604 | Lair:5   | Killed a five-headed hydra
  6692 | Lair:5   | Reached skill level 15 in Axes
  6733 | Lair:6   | Entered Level 6 of the Lair of Beasts
  6733 | Lair:6   | Noticed a seven-headed hydra
  6798 | Lair:6   | Reached skill level 5 in Dodging
  6805 | Lair:6   | Got a fine leather armour
  6816 | Lair:6   | Identified the +1 leather armour of Duet {rC+ MR- Dex+5}
                  | (You found it on level 6 of the Lair of Beasts)
  6918 | Lair:6   | Noticed a catoblepas
  6939 | Lair:6   | Killed a catoblepas
  6999 | Lair:6   | HP: 1/106 [komodo dragon (18)]
  7104 | Lair:6   | Noticed a four-headed hydra
  7116 | Lair:6   | Killed a four-headed hydra
  7154 | Lair:6   | Killed a seven-headed hydra
  7250 | Lair:6   | Noticed a catoblepas
  7269 | Lair:6   | Killed a catoblepas
  7269 | Lair:6   | Reached skill level 16 in Axes
  7289 | Lair:6   | Noticed a death yak
  7303 | Lair:6   | Noticed a death yak
  7306 | Lair:6   | Reached XP level 13. HP: 57/113 MP: 11/17
  7686 | Lair:5   | Got a dazzling chain mail
  7697 | Lair:5   | Identified the +3 chain mail of the Blue Skies {rF+ Int+4}
                  | (You found it on level 5 of the Lair of Beasts)
  7838 | Lair:5   | Reached skill level 17 in Axes
  7917 | Lair:4   | Got a spiked leather armour
  7947 | Lair:4   | Killed Urug
  7967 | Lair:4   | Identified the +0 leather armour of Satisfaction {Str+5
                  | Slay-5} (You found it on level 4 of the Lair of Beasts)
  8412 | Snake:1  | Noticed Agnes
  8562 | Lair:1   | Noticed Sonja
  8577 | Lair:1   | Killed Sonja
  8849 | D:13     | Reached skill level 18 in Axes
  9019 | D:12     | Got a shimmering robe
  9030 | D:12     | Identified the +4 robe of Hait {Int+7} (You found it on
                  | level 12 of the Dungeon)
  9144 | D:12     | Found Macviphu's Gadget Emporium.
  9152 | D:12     | Bought a wand of paralysis (10) for 168 gold pieces
  9275 | D:13     | Killed Rupert
  9482 | D:13     | Reached skill level 19 in Axes
  9512 | D:13     | Reached XP level 14. HP: 91/121 MP: 14/18
  9772 | D:15     | Entered Level 15 of the Dungeon
 10068 | D:15     | Reached skill level 20 in Axes
 10077 | D:15     | Found a basalt altar of Yredelemnul.
 10518 | D:15     | Found a staircase to the Depths.
 10533 | D:15     | Reached skill level 10 in Dodging
 10544 | Depths:1 | Entered Level 1 of the Depths
 10563 | D:15     | Mangled by a white ugly thing

Levels and vault maps discovered:
D:1:      lightli_iron_boxes, layout_loops_ring
D:2:      layout_loops_ring, first_ration
D:3:      layout_basic, nicolae_underground_beach
D:4:      layout_loops_ring, grunt_temple_overflow_open,
          minmay_temple_entry_statues_fountains
D:5:      layout_basic, grunt_temple_overflow_growth_and_decay,
          old_standard_altar, serial_shops,
          nicolae_shop_competitors_out_of_business
D:6:      layout_gridville, ebering_ghost_sewer_d, serial_glass,
          glass_columns_a, glass_columns_c, gup_sewer_entry_glass
D:7:      layout_layer_cave, okawaru_trees_1, feat_on_display, uniq_duvessa
D:8:      cheibrodos_wizards_tower, layout_basic, uniq_prince_ribbit1,
          uniq_maurice, uniq_joseph
D:9:      layout_cross, grunt_lair_entry_orc_guard_hut, orc_0_dummy, basic_altar
D:10:     layout_stronghold, david_defended_altar_orc
D:11:     layout_loops_cross, grunt_pizzeria, nrook_guardian_serpent_double,
          uniq_snorg
D:12:     layout_roguey, serial_shops, shop
D:13:     minmay_open_boxes_in_corner, layout_loops_ring, david_vaults_3,
          special_room [special_room_orc], minmay_misc_feat_secret_circle,
          minivault_8
D:14:     layout_gridville, grunt_decor_one_mirror
D:15:     hangedman_depths_entry_try_elsewhere_first, layout_loops_ring,
          yredelemnul_altar_generic, serial_ice, serial_ice_d, serial_ice_a,
          serial_ice_l, serial_ice_m, minmay_lindwurm_lava
Temple:   eino_temple_scatter_basement
Lair:1:   layout_small_grid, ebering_ghost_rock_garden, uniq_sonja
Lair:2:   layout_layer_cave, chequers_serial_rivers_marsh, serial_bayou_shore_b
Lair:3:   layout_gridlike, guppyfry_snake_entry_garden
Lair:4:   layout_cave_pods, elwin_shoals_entry_rooms, ebering_ghost_inner_flame,
          beast_lair_carwin_10, uniq_urug
Lair:5:   layout_regular_city, slime_altar_1, grunt_megastairs_4,
          lemuel_fruit_tree, infiniplex_staircase_pool
Lair:6:   evilmike_catoblepas_cave, layout_regular_city
Snake:1:  layout_rooms, gammafunk_ghost_grave, nicolae_alphabet_shops,
          uniq_louise, uniq_agnes, uniq_kirke
Depths:1: layout_cave_pools, enter_ziggurat_e, pan_entry, glass_columns_c,
          lightli_too_deep, minivault_22, minmay_misc_feat_five,
          dk_noncrumbling_2, evilmike_minifort

Skill      XL: |  1  2  3  4  5  6  7  8  9 10 11 12 13 14 |
---------------+-------------------------------------------+-----
Axes           | 4 5 6 9 11 14 16 19 20 | 20.2
Throwing       | 1 2 |  2.2
Fighting       | 4 5 7 10 11 | 11.1
Evocations     | 2 4 6 |  6.0
Maces & Flails | 2 5 8 |  8.1
Invocations    | 2 4 5 6 7 |  7.0
Armour         | 4 5 8 9 |  9.6
Dodging        | 7 9 10 | 10.0
Stealth        | |  1.5

Action                   |  1- 3 |  4- 6 |  7- 9 | 10-12 | 13-15 || total
-------------------------+-------+-------+-------+-------+-------++-------
Melee: Hand axe          |    89 |   102 |       |       |       ||   191
       Headbutt          |    18 |    19 |    59 |    99 |   116 ||   311
       Flail             |       |    38 |   213 |    12 |     5 ||   268
       Battleaxe         |       |       |   106 |   522 |   293 ||   921
       Executioner's axe |       |       |       |       |   256 ||   256
Throw: Dart              |    11 |    24 |    24 |    14 |    15 ||    88
       Throwing net      |       |       |       |       |     1 ||     1
Invok: Minor Destruction |       |       |     3 |       |       ||     3
       Lesser Servant of |       |       |     2 |     4 |    10 ||    16
       Major Destruction |       |       |     1 |     1 |       ||     2
 Abil: Evoke Berserk Rag |       |       |       |       |     1 ||     1
Evoke: Wand              |       |     5 |     4 |    16 |     4 ||    29
       Sack of spiders   |       |       |       |       |     1 ||     1
  Use: Scroll            |       |     6 |     9 |     8 |    10 ||    33
       Potion            |       |     2 |       |     3 |     3 ||     8
 Stab: Sleeping          |     1 |     1 |       |       |       ||     2
       Invisible         |       |       |       |     1 |       ||     1
       Petrified         |       |       |       |     3 |       ||     3
       Distracted        |       |       |       |       |     3 ||     3
  Eat: Chunk             |       |     3 |     7 |    13 |    12 ||    35
       Ration            |       |       |       |       |     1 ||     1
Armor: Robe              |     3 |       |       |       |       ||     3
       Ring mail         |    15 |    51 |    25 |       |       ||    91
       Scale mail        |       |       |    50 |       |       ||    50
       Plate armour      |       |       |    48 |   349 |    14 ||   411
       Chain mail        |       |       |       |       |   225 ||   225
Dodge: Dodged            |    34 |    90 |   168 |   206 |   247 ||   745

Table legend:
 A = Non-vault XP
 B = Vault XP
 C = Vault XP percentage of total XP
 D = Non-vault monster count
 E = Vault monster count
 F = Vault count percentage of total count
                 A         B        C        D         E       F
            +---------+---------+-------+---------+---------+-------
      Total |   64124 |   26511 |  29.3 |     418 |     160 |  27.7
            +---------+---------+-------+---------+---------+-------
        D:1 |      55 |       0 |   0.0 |      24 |       0 |   0.0
        D:2 |      83 |       0 |   0.0 |      19 |       0 |   0.0
        D:3 |     190 |       0 |   0.0 |      25 |       0 |   0.0
        D:4 |     366 |       0 |   0.0 |      18 |       0 |   0.0
        D:5 |     366 |       0 |   0.0 |      11 |       0 |   0.0
        D:6 |    1125 |      30 |   2.6 |      25 |       4 |  13.8
        D:7 |     984 |     174 |  15.0 |      21 |       2 |   8.7
        D:8 |    1210 |     398 |  24.8 |      21 |       1 |   4.5
        D:9 |    1217 |     639 |  34.4 |      17 |       5 |  22.7
       D:10 |    1931 |     124 |   6.0 |      19 |       3 |  13.6
       D:11 |    1202 |       0 |   0.0 |       9 |       0 |   0.0
       D:12 |    2456 |       0 |   0.0 |      18 |       0 |   0.0
       D:13 |    3483 |   10165 |  74.5 |      18 |      50 |  73.5
       D:14 |    5044 |       0 |   0.0 |      20 |       0 |   0.0
       D:15 |   15325 |    2254 |  12.8 |      35 |       8 |  18.6
     Lair:1 |    3229 |     554 |  14.6 |      14 |       1 |   6.7
     Lair:2 |    2093 |       0 |   0.0 |      13 |       0 |   0.0
     Lair:3 |    4804 |     332 |   6.5 |      29 |       2 |   6.5
     Lair:4 |    3457 |    2101 |  37.8 |      15 |       7 |  31.8
     Lair:5 |    6403 |     704 |   9.9 |      25 |       6 |  19.4
     Lair:6 |    7423 |    8889 |  54.5 |      19 |      23 |  54.8
    Snake:1 |    1122 |       0 |   0.0 |       2 |       0 |   0.0
   Depths:1 |     556 |       0 |   0.0 |       1 |       0 |   0.0
      Sewer |       0 |     147 | 100.0 |       0 |      48 | 100.0
            +---------+---------+-------+---------+---------+-------
